 Dungeon Crawl Stone Soup version 0.30-a0-743-gbfdf073431 (webtiles) character file.

Game seed: 3363492899585676741

3222 kingofthe the Nimble (level 9, -12/72 HPs)
             Began as a Merfolk Gladiator on Feb 5, 2023.
             Was a Follower of Yredelemnul.
             Mangled by an orc knight
             ... wielding a +0 halberd
              (17 damage)
             ... in a bailey.
             The game lasted 00:25:04 (7440 turns).

kingofthe the Nimble (Merfolk Gladiator)            Turns: 7440, Time: 00:25:04

Health: -12/72     AC: 18    Str: 16    XL:     9   Next: 98%
Magic:  10/10      EV: 17    Int:  9    God:    Yredelemnul [*.....]
Gold:   454        SH:  0    Dex: 16    Spells: 6/8 levels left

rFire   . . .      SeeInvis .    a - +4 trident
rCold   . . .      Faith    .    (no shield)
rNeg    . . .      Spirit   .    C - +2 scale mail {rPois}
rPois   +          Reflect  .    h - +2 helmet
rElec   .          Harm     .    s - +1 cloak
rCorr   .          Rampage  .    (no gloves)
Will    .....                    (boots currently unavailable)
Stlth   +++                      (no amulet)
HPRegen 0.32/turn                m - +4 ring of protection
MPRegen 0.12/turn                (no ring)

@: studying 2 skills, very quick
A: nimble swimmer 2, mertail
a: Renounce Religion, Recall Undead Harvest


You were in a bailey.
You worshipped Yredelemnul.
Yredelemnul was noncommittal.
You visited 2 branches of the dungeon, and saw 8 of its levels.
You also visited: Bailey.

You collected 487 gold pieces.
You spent 33 gold pieces at shops.

Inventory:

Hand Weapons
 a - a +4 trident (weapon)
 b - a +2 flail of protection
 q - a +4 battleaxe
 F - a +0 arbalest
Missiles
 d - 4 throwing nets (quivered)
 e - a javelin
Armour
 g - a +3 ring mail
 h - a +2 helmet (worn)
 k - a +0 ring mail
 s - a +1 cloak (worn)
 v - a +0 pair of boots (melded)
 C - a +2 scale mail of poison resistance (worn)
Jewellery
 m - a +4 ring of protection (left hand)
Wands
 r - a wand of paralysis (12)
 u - a wand of polymorph (14)
 y - a wand of flame (17)
Scrolls
 c - 4 scrolls of identify
 o - a scroll of fear
 w - a scroll of teleportation
 x - a scroll of enchant weapon {unknown}
 z - a scroll of poison {unknown}
 D - a scroll of blinking {unknown}
Potions
 f - a potion of berserk rage {unknown}
 i - a potion of magic {unknown}
 j - 2 potions of mutation {unknown}
 n - 4 potions of curing
 p - a potion of attraction
 A - 2 potions of flight {unknown}
 B - a potion of might {unknown}
 E - a potion of haste {unknown}


   Skills:
 + Level 7.6 Fighting
 + Level 7.6 Polearms
 - Level 2.0 Throwing
 + Level 4.9 Armour
 + Level 9.6 Dodging
 - Level 5.0 Stealth
 + Level 1.9 Translocations
 + Level 1.3 Invocations


You had 6 spell levels left.
You knew the following spells:

 Your Spells              Type           Power      Damage    Failure   Level
a - Blink                 Tloc           6%         N/A       67%         2

Your spell library contained the following spells:

 Spells                   Type           Power      Damage    Failure   Level
 Lesser Beckoning         Tloc           6%         N/A       67%         2
 Gell's Gravitas          Tloc           3%         N/A       88%         3
 Teleport Other           Tloc           3%         N/A       88%         3
 Manifold Assault         Tloc           3%         N/A       99%         4
 Dispersal                Tloc           1%         N/A       100%        6
 Storm Form               Tmut/Air       0%         N/A       100%        7


Dungeon Overview and Level Annotations

Branches:
Dungeon (7/15)             Temple (1/1) D:4          Bailey (1/1)

Altars:
Ashenzari
Cheibriados
Dithmenos
Elyvilon
Fedhas
Gozag
Hepliaklqana
Kikubaaqudgha
Makhleb
Nemelex Xobeh
Qazlal
Ru
Sif Muna
Vehumet
Wu Jian
Yredelemnul
Zin
The Shining One

Shops:
D:1 ?


Innate Abilities, Weirdness & Mutations

You are very nimble when in or above water. (Stealth+, EV+, Speed+++)
Your lower body shifts to a powerful aquatic tail in water.


Message History

You reach to attack!
You puncture the orc knight!
The orc knight is severely wounded.
The orc knight misses you.
Reach: a) +4 trident
Press: ? - help, Dir - move target, f/p - orc knight
Aim: an orc knight, wielding a +0 halberd and wearing a +0 chain mail (severely wounded, ally target, about 34% to evade your +4 trident)
You reach to attack!
You barely miss the orc knight.
The orc knight is severely wounded.
The orc knight hits you but does no damage.
Your orc knight zombie hits the orc knight.
Reach: a) +4 trident
Press: ? - help, Dir - move target, f/p - orc knight
Aim: an orc knight, wielding a +0 halberd and wearing a +0 chain mail (almost dead, ally target, about 34% to evade your +4 trident)
You reach to attack!
You barely miss the orc knight.
The orc knight is almost dead.
The orc knight hits you but does no damage.
Your orc knight zombie barely misses the orc knight.
Reach: a) +4 trident
Press: ? - help, Dir - move target, f/p - orc knight
Aim: an orc knight, wielding a +0 halberd and wearing a +0 chain mail (almost dead, ally target, about 34% to evade your +4 trident)
You reach to attack!
You closely miss the orc knight.
The orc knight is almost dead.
The orc knight hits you from afar with a +0 halberd.
* * * LOW HITPOINT WARNING * * *
Reach: a) +4 trident
Press: ? - help, Dir - move target, f/p - orc knight
Aim: an orc knight, wielding a +0 halberd and wearing a +0 chain mail (severely wounded, ally target, about 34% to evade your +4 trident)
You reach to attack!
You closely miss the orc knight.
The orc knight is severely wounded.
Your orc knight zombie hits the orc knight.
The orc knight hits you from afar with a +0 halberd!
* * * LOW HITPOINT WARNING * * *
Reach: a) +4 trident
Press: ? - help, Dir - move target, f/p - orc knight
Aim: an orc knight, wielding a +0 halberd and wearing a +0 chain mail (almost dead, ally target, about 34% to evade your +4 trident)
You reach to attack!
You hit the orc knight.
The orc knight is almost dead.
The orc knight hits you from afar with a +0 halberd!
You die...
Your body rises from the dead as a mindless zombie.

.#Z.##oW∩##..##............#
.##..#'''##................#
..##.o...##................#
...##Z...##....≈≈≈)≈≈......#
....#######....≈##)#≈≈.....#
...............≈#∩)##≈.....#
ZZ.Z..............).#≈.....#
.............Zo≈##.##≈.....#
...............≈@###≈≈.....#
................≈≈≈≈≈......#
...........................#
...........................#
...........................#
..........................∩#
############################


You could see an orc knight (ally target) and a friendly orc knight zombie.

Vanquished Creatures
  Sigmund (D:5)
  A steam dragon (D:6)
  A water moccasin (D:3)
  7 orc warriors
  A centaur (D:6)
  3 ogres
  2 phantoms
  2 bullfrogs (D:6)
  A necrophage (D:6)
  A scorpion (D:6)
  5 wights
  A jelly (D:5)
  2 gnoll boudas
  An orc priest (D:5)
  3 hounds
  2 iguanas
  3 orc wizards
  12 gnolls
  10 adders
  5 worms
  2 dart slugs
  27 orcs
  7 ball pythons
  5 bats
  5 endoplasms
  2 giant cockroaches
  3 goblins
  3 hobgoblins
  7 quokkas
  2 frilled lizards
  2 kobolds (D:3)
  5 rats
134 creatures vanquished.

Vanquished Creatures (collateral kills)
  An orc knight (Bailey)
  An orc warrior (Bailey)
  An adder (D:6)
  2 orcs (Bailey)
5 creatures vanquished.

Vanquished Creatures (others)
  A bullfrog zombie (D:6)
  7 orc zombies (Bailey)
8 creatures vanquished.

Grand Total: 147 creatures vanquished

Notes
Turn   | Place    | Note
-------+----------+-------------------------------------------
     0 | D:1      | kingofthe the Merfolk Gladiator began the quest for the
                  | Orb.
     0 | D:1      | Reached XP level 1. HP: 16/16 MP: 1/1
   335 | D:1      | Reached XP level 2. HP: 23/23 MP: 2/2
   409 | D:1      | Reached skill level 1 in Stealth
   523 | D:1      | Found Poelext's Magic Scroll Shoppe.
   528 | D:1      | Bought a scroll of teleportation for 33 gold pieces
   799 | D:2      | Reached XP level 3. HP: 20/28 MP: 3/3
  1002 | D:2      | Found a faded altar of an unknown god.
  1381 | D:3      | Reached skill level 1 in Armour
  1421 | D:3      | Reached XP level 4. HP: 35/35 MP: 4/4
  1449 | D:3      | You fall into a shaft and drop 3 floors!
  1466 | D:6      | Noticed a necrophage
  1501 | D:6      | Noticed a scorpion
  1550 | D:5      | Entered Level 5 of the Dungeon
  1631 | D:5      | Noticed Sigmund
  1648 | D:5      | Killed Sigmund
  1649 | D:5      | Reached skill level 5 in Dodging
  1649 | D:5      | Reached XP level 5. HP: 31/42 MP: 5/5
  1649 | D:5      | Reached XP level 6. HP: 35/48 MP: 6/6
  1941 | D:4      | Found a staircase to the Ecumenical Temple.
  1947 | Temple   | Entered the Ecumenical Temple
  2063 | D:4      | Reached skill level 6 in Dodging
  2133 | D:4      | Reached XP level 7. HP: 37/55 MP: 7/7
  2134 | D:4      | Paralysed by a gnoll for 2 turns
  2960 | D:3      | Reached skill level 5 in Fighting
  3376 | D:4      | Reached XP level 8. HP: 62/62 MP: 8/8
  3455 | D:4      | Reached skill level 7 in Dodging
  3455 | D:4      | Reached skill level 5 in Stealth
  5373 | D:6      | Reached skill level 5 in Polearms
  5674 | D:6      | Reached skill level 8 in Dodging
  5916 | D:6      | Reached XP level 9. HP: 49/71 MP: 9/9
  6087 | D:6      | Found a hazy altar of Hepliaklqana.
  6090 | D:6      | Found a basalt altar of Yredelemnul.
  6127 | D:6      | Became a worshipper of Yredelemnul the Dark
  6226 | D:6      | Reached * piety under Yredelemnul
  6655 | D:7      | Found a flagged portal.
  6697 | Bailey   | Entered a bailey
  6701 | Bailey   | Learned a level 2 spell: Blink
  6725 | Bailey   | Reached skill level 9 in Dodging
  6878 | Bailey   | Reached skill level 1 in Translocations
  6923 | Bailey   | Reached ** piety under Yredelemnul
  7153 | Bailey   | Noticed an orc knight
  7153 | Bailey   | Noticed an orc knight
  7179 | Bailey   | Killed an orc knight
  7180 | Bailey   | Reached skill level 1 in Invocations
  7440 | Bailey   | Mangled by an orc knight

Illustrated notes

Levels and vault maps discovered:
D:1:      dpeg_arrival_rooms_b, layout_loops_cross, serial_shops, shop
D:2:      layout_basic, shapermc_ecumenical_altar_mp_highgroup
D:3:      layout_basic, serial_bayou_pond_d
D:4:      layout_basic, minmay_temple_entry_hall, gup_sewer_entry_pipe
D:5:      layout_loops_cross, guppyfry_early_orc_mine, uniq_sigmund
D:6:      layout_gridville, jmf_multi_god_temple
D:7:      layout_gridville, enter_bailey_6, serial_bayou_lagoon_b
Temple:   nicolae_temple_x_marks_the_god
Bailey:   bailey_polearm_2, bailey

Skill      XL: |  1  2  3  4  5  6  7  8  9 |
---------------+----------------------------+-----
Stealth        | 1 2 3 4 5 |  5.0
Armour         | 1 2 3 4 |  4.9
Fighting       | 3 4 5 6 7 |  7.6
Dodging        | 5 6 8 9 |  9.6
Polearms       | 6 7 |  7.6
Translocations | 1 |  1.9
Invocations    | 1 |  1.3
Throwing       | |  2.0

Action                     |  1- 3 |  4- 6 |  7- 9 || total
---------------------------+-------+-------+-------++-------
  Melee: Trident           |   101 |   106 |   402 ||   609
         Punch             |     2 |       |     4 ||     6
         Flail             |       |       |    62 ||    62
         Tailslap          |       |       |     2 ||     2
  Throw: Throwing net      |       |     1 |       ||     1
 Invoke: Dark Bargain      |       |       |     1 ||     1
    Use: Scroll            |       |     1 |     7 ||     8
         Potion            |       |       |     4 ||     4
   Stab: Sleeping          |     5 |       |    11 ||    16
         Distracted        |       |       |     3 ||     3
 Armour: Ring mail         |    19 |    36 |   124 ||   179
         Leather armour    |     1 |       |       ||     1
         Scale mail        |       |       |    17 ||    17
  Dodge: Dodged            |    44 |    40 |   320 ||   404

Table legend: (Time is in decaauts)
 A = Elapsed time spent in this place.
 B = Non-inter-level travel time spent in this place.
 C = Inter-level travel time spent in this place.
 D = Time resting spent in this place.
 E = Time spent auto-exploring this place.
 F = Levels seen in this place.
 G = Mean time per level.
                   A        B        C        D        E       F      G
               +--------+--------+--------+--------+--------+-----+--------+
         Total |   7458 |   7155 |    303 |   1028 |   4417 |   9 |  828.7 |
       Dungeon |   6697 |   6401 |    296 |    806 |   4164 |   7 |  956.7 |
        Temple |     46 |     39 |      7 |      0 |     35 |   1 |   46.0 |
        Bailey |    714 |    714 |      0 |    222 |    218 |   1 |  714.0 |
               +--------+--------+--------+--------+--------+-----+--------+

Top non-repeatable levels by time:
     D:6: 1643 daAuts
     D:4: 1463 daAuts
     D:5: 1343 daAuts
     D:3: 844 daAuts
     D:2: 744 daAuts
  Bailey: 714 daAuts
     D:1: 555 daAuts
     D:7: 103 daAuts
  Temple: 46 daAuts
